 Dungeon Crawl Stone Soup version 0.27.0-1-g7a089689b8 (webtiles) character file.

Game seed: 15420404134728166794

108 dolemite99 the Grave Robber (level 4, 0/19 (36) HPs)
             Began as a Deep Dwarf Necromancer on Aug 8, 2021.
             Slain by a wight (1 damage)
             ... on level 3 of the Dungeon.
             The game lasted 00:06:57 (4041 turns).

dolemite99 the Grave Robber (DDNe)                  Turns: 4041, Time: 00:06:58

HP:   0/19 (36)     AC:  5    Str: 12    XL:     4   Next: 58%
MP:   2/5           EV: 12    Int: 16    God:
Gold: 51            SH:  0    Dex: 13    Spells: 1/6 levels left

rFire    . . .     SeeInvis .   k - +2 spear (venom)
rCold    . . .     Faith    .   (no shield)
rNeg     . . .     Spirit   .   m - +2 animal skin
rPois    .         Reflect  .   n - +0 helmet
rElec    .         Harm     .   (no cloak)
rCorr    .         Rampage  .   (no gloves)
Will     .....                  (no boots)
Stlth    ++........             (no amulet)
HPRegen  0.00/turn              (no ring)
MPRegen  0.09/turn              (no ring)

@: very heavily drained
A: damage resistance, heal wounds, sense surroundings 1, no regeneration
a: Heal Wounds


You were on level 3 of the Dungeon.
You visited 1 branch of the dungeon, and saw 3 of its levels.

You collected 112 gold pieces.
You spent 61 gold pieces at shops.

Inventory:

Hand Weapons
 d - a +0 short sword
 f - a +0 club
 h - a +0 whip
 k - a +2 spear of venom (weapon)
 o - a +0 hunting sling
Missiles
 b - 29 arrows
 e - 14 atropa-tipped darts
 p - 6 stones (quivered)
Armour
 a - a +0 robe
 l - a +1 ring mail of cold resistance
 m - a +2 animal skin (worn)
 n - a +0 helmet (worn)
Scrolls
 c - 2 scrolls of enchant weapon {unknown}
 i - a scroll of identify {unknown}
 j - a scroll of magic mapping {unknown}
 q - a scroll of enchant armour {unknown}
Potions
 g - a potion of heal wounds {unknown}


   Skills:
 + Level 0.0 Slings
 - Level 2.2 Dodging
 - Level 2.4 Stealth
 - Level 1.8 Spellcasting
 - Level 6.6 Necromancy


You had one spell level left.
You knew the following spells:

 Your Spells              Type           Power      Damage    Failure   Level
a - Pain                  Necr           88%        1d8       1%          1
b - Animate Skeleton      Necr           44%        N/A       1%          1
c - Vampiric Draining     Necr           11%        2d7       4%          3

Your spell library contained the following spells:

 Spells                   Type           Power      Damage    Failure   Level
 Animate Dead             Necr           11%        N/A       14%         4
 Agony                    Necr           22%        N/A       36%         5
 Conjure Flame            Conj/Fire      1%         6-21      54%         3
 Ignite Poison            Fire/Tmut/Pois 1%         N/A       54%         3
 Sticky Flame             Conj/Fire      1%         2d3       91%         4
 Fireball                 Conj/Fire      0%         3d3       99%         5
 Starburst                Conj/Fire      0%         8x6d3     100%        6
 Ignition                 Fire           0%         3d3       100%        8


Dungeon Overview and Level Annotations

Branches:
Dungeon (3/15)

Altars:
Gozag

Shops:
D:2 (


Innate Abilities, Weirdness & Mutations

You are resistant to damage.
You can heal yourself by infusing magical energy.
You passively map a small area around you.
You do not regenerate.


Message History

Really attack while wielding your +0 hunting sling? [Y]es or [N]o only, please.
Really attack while wielding your +0 hunting sling?
Okay, then.
The bat hits you but does no damage. The bat closely misses you.
The bat barely misses you. The bat completely misses you.
The bat hits you but does no damage. x2
The bat barely misses you. The bat hits you. The bat misses you.
The bat barely misses you. The bat closely misses you.
There is an open door here.
Casting: Pain (safe; 1% risk of failure)
Confirm with . or Enter, or press ? or * to list all spells.
The spell is quite dangerous to cast (4% risk of failure)!
Continue anyway?
Aiming: Vampiric Draining (quite dangerous; 4% risk of failure)
Press: ? - help, Shift-Dir - straight line, f - bat
Aim: a bat You draw life force from the bat.
You kill the bat!
You feel life coursing into your body. The bat hits you but does no damage.
Your +2 spear of venom begins to drip with poison!
k - a +2 spear of venom (weapon)
The wight closely misses you.
Okay, then.
You fail to use your ability.
The wight misses you.
You hit the wight.
The wight is lightly damaged.
The wight hits you with a +4 hand axe of freezing.
The wight freezes you.
You barely miss the wight.
The wight is lightly damaged.
The wight hits you with a +4 hand axe of freezing!
You feel drained. The wight freezes you.
You barely miss the wight.
The wight is lightly damaged.
The wight hits you with a +4 hand axe of freezing!
* * * LOW HITPOINT WARNING * * *
You feel drained.
You die...

####### #... .#
###)# #.#
....##..###########
###.#.........bz..#
#...#######'##@.#
##..#........#..#
#..#......b.#..#
#..#........#..# *
#..#........#... ,
#..#........#..##*
* ,
#..#....(...#..#
##.#.)......#.##
#.#...(....# ,


You could see a wight and a bat.

Vanquished Creatures
  Robin (D:2)
  3 gnolls
  2 adders
  3 dart slugs
  3 bats
  2 giant cockroaches
  6 goblins
  6 hobgoblins
  4 jackals
  8 ball pythons
  4 frilled lizards
  A kobold (D:3)
  3 rats
46 creatures vanquished.

Notes
Turn   | Place    | Note
-------+----------+-------------------------------------------
     0 | D:1      | dolemite99 the Deep Dwarf Necromancer began the quest for
                  | the Orb.
     0 | D:1      | Reached XP level 1. HP: 15/15 MP: 3/3
   713 | D:1      | Reached XP level 2. HP: 22/22 MP: 1/4
  1185 | D:1      | You fall into a shaft and drop 1 floor!
  1187 | D:2      | Reached skill level 5 in Necromancy
  1420 | D:1      | Reached XP level 3. HP: 28/28 MP: 0/5
  2193 | D:2      | Found an opulent altar of Gozag.
  2319 | D:2      | Reached skill level 6 in Necromancy
  2656 | D:2      | Reached XP level 4. HP: 27/36 MP: 3/6
  2661 | D:2      | Noticed Robin
  2751 | D:2      | Killed Robin
  3076 | D:2      | Found Qoklan's Weapon Emporium.
  3084 | D:2      | Bought a +0 hunting sling for 21 gold pieces
  3084 | D:2      | Bought 29 stones for 40 gold pieces
  3810 | D:3      | Learned a level 1 spell: Animate Skeleton
  3814 | D:3      | Learned a level 3 spell: Vampiric Draining
  4041 | D:3      | HP: 1/21 [wight (7)]
  4041 | D:3      | Slain by a wight

Illustrated notes

Levels and vault maps discovered:
D:1:      giann_wishing_wells, layout_rooms, patterned_corridor
D:2:      layout_basic, basic_altar, serial_shops, shop_fountains, uniq_robin
D:3:      minmay_octagon_keep, layout_loops_ring,
          nicolae_ru_great_annihilating_truth, minmay_misc_feat_chi,
          amcnicky_mini_corridor_feature, minivault_25, uniq_terence

Skill      XL: |  1  2  3 |
---------------+----------+-----
Necromancy     | 5 6 |  6.6
Dodging        | |  2.2
Stealth        | |  2.4
Spellcasting   | |  1.8

Action                   |  1- 3 |  4- 6 || total
-------------------------+-------+-------++-------
Melee: Spear             |       |     6 ||     6
       Club              |       |     3 ||     3
 Fire: Hunting sling     |       |    33 ||    33
Throw: Dart              |     5 |       ||     5
 Cast: Pain              |    73 |    32 ||   105
       Vampiric Draining |       |     1 ||     1
 Abil: Heal Wounds       |     2 |     4 ||     6
Armor: Robe              |     9 |     1 ||    10
       Animal skin       |       |     8 ||     8
Dodge: Dodged            |    26 |    46 ||    72
